 Dungeon Crawl Stone Soup version 0.17-a0-2064-g265a032 (webtiles) character file.

196 pk666 the Covered (level 5, -6/46 HPs)
             Began as a Minotaur Fighter on Oct 13, 2015.
             Killed by divine providence
             ... invoked by an orc priest
              (11 damage)
             ... on level 4 of the Dungeon.
             The game lasted 00:06:58 (2332 turns).

pk666 the Covered (Minotaur Fighter)                Turns: 2332, Time: 00:07:00

Health: -6/46      AC: 11    Str: 21    XL:     5   Next: 46%
Magic:  4/4        EV:  7    Int:  5    God:
Gold:   99         SH:  9    Dex: 10    Spells: 0 memorised, 4 levels left

rFire  . . .     SeeInvis .     a - +0 war axe
rCold  . . .     Clarity  .     b - +0 scale mail
rNeg   . . .     SustAt   .     c - +0 shield
rPois  .         Gourm    .     (helmet restricted)
rElec  .         Spirit   .     r - +0 cloak
rCorr  .         Warding  .     p - +0 pair of gloves
rMut   .         Stasis   .     h - +0 pair of boots
MR     .....                    (no amulet)
Stlth  ..........               (no ring)
                                (no ring)

@: slowed, very slow, not resistant to hostile enchantments, extremely
unstealthy
A: retaliatory headbutt, horns 2
a: no special abilities


You were on level 4 of the Dungeon.
You were not hungry.

You visited 1 branch of the dungeon, and saw 4 of its levels.

You collected 99 gold pieces.

Inventory:

Hand Weapons
 a - a +0 war axe (weapon)
Armour
 b - a +0 scale mail (worn)
 c - a +0 shield (worn)
 h - a +0 pair of boots (worn)
 p - a +0 pair of gloves (worn)
 r - a +0 cloak (worn)
Rods
 q - a cursed +0 rod of ignition (12/12)
   (You found it on level 2 of the Dungeon)
Wands
 t - a wand of invisibility (3)
Scrolls
 g - 3 scrolls of amnesia {unknown}
 k - 2 scrolls of remove curse {unknown}
 m - a scroll of noise {unknown}
 n - a scroll of random uselessness {unknown}
 o - a scroll of fog {unknown}
 u - a scroll of enchant weapon {unknown}
 v - a scroll of identify {unknown}
 w - a scroll of teleportation {unknown}
Potions
 d - a potion of might
 f - a potion of lignification {unknown}
 i - a potion of cure mutation {unknown}
 j - a potion of curing {unknown}
 l - a potion of degeneration {unknown}
 s - a potion of resistance {unknown}
Comestibles
 e - a bread ration


   Skills:
 - Level 3.9 Fighting
 + Level 5.1 Axes
 + Level 5.7 Armour
 - Level 3.6 Shields


You had 4 spell levels left.
You didn't know any spells.

Dungeon Overview and Level Annotations

Branches:
Dungeon (4/15)
 Temple: D:4-7

Altars:
Elyvilon


Innate Abilities, Weirdness & Mutations

You reflexively headbutt those who attack you in melee.
You have a pair of horns on your head.


Message History

The orc wizard casts a spell.
The orc wizard blinks!
The orc wizard mumbles some strange words.
The orc wizard blinks!
You block the orc's attack.
The orc priest miscasts a cantrip.
You barely miss the orc. You block the orc's attack.
The orc priest invokes the aid of Beogh against you.
Something smites you!
* * * LOW HITPOINT WARNING * * *
The orc hits you but does no damage.
The orc priest looks braver for a moment.
You closely miss the orc. You headbutt the orc, but do no damage.
You block the orc's attack. The orc hits you but does no damage.
You closely miss the orc.
The orc priest miscasts a cantrip.
The orc priest calls upon Beogh to heal the orc wizard.
The orc wizard's wounds heal themselves!
The orc priest invokes the aid of Beogh against you.
Something smites you!
You die...

...........#####.##.##
##...####### #.##.#
##.## #.##.# #.#
#.##.# #.# #.##.# #.#
#.##.# ..# #.##.# #.
#.##.# #@##.#
#.#####o##.#
#..o..ooo..#
...oo...#### #########


You could see 2 orc priests, an orc wizard and an orc.

Vanquished Creatures
  An orc priest (D:3)
  2 orc wizards
  5 adders
  2 worms
  2 giant geckos
  8 orcs (D:3)
  2 ball pythons
  6 giant cockroaches
  3 goblins
  6 hobgoblins
  3 bats
  2 giant newts
  3 jackals (D:1)
  5 kobolds
  7 rats
57 creatures vanquished.

Vanquished Creatures (others)
  A bat (D:3)
  A quokka (D:3)
2 creatures vanquished.

Grand Total: 59 creatures vanquished

Notes
Turn   | Place    | Note
--------------------------------------------------------------
     0 | D:1      | pk666 the Minotaur Fighter began the quest for the Orb.
     0 | D:1      | Reached XP level 1. HP: 19/19 MP: 0/0
   231 | D:1      | Reached XP level 2. HP: 22/27 MP: 1/1
   370 | D:1      | Reached skill level 4 in Armour
   682 | D:2      | Reached XP level 3. HP: 29/33 MP: 2/2
   870 | D:2      | Found a white marble altar of Elyvilon.
  1217 | D:3      | Reached XP level 4. HP: 36/40 MP: 3/3
  1422 | D:3      | Reached skill level 5 in Armour
  1425 | D:3      | Reached XP level 5. HP: 5/46 MP: 4/4
  1983 | D:3      | Reached skill level 5 in Axes
  2332 | D:4      | Killed from afar by an orc priest

Vault maps used:
D:1:      lemuel_arrival_cross
D:2:      elyvilon_altar_4, serial_glass, glass_columns_c, glass_columns_b
D:3:      first_bread
D:4:      serial_shops, shop_statue, nicolae_shop_trees, shop_scrolls

Action                   |  1- 3 |  4- 6 || total
-------------------------+-------+-------++-------
Melee: War axe           |    87 |    52 ||   139
  Eat: Chunk             |     1 |     3 ||     4
       Bread ration      |       |     1 ||     1
